 Dungeon Crawl Stone Soup version 0.31-a0-848-gaac375c287 (webtiles) character file.

Game seed: 11904418921189101484

11524 Kurtz the Summoner (level 11, 48/48 HPs)
             Began as a Felid Delver on Oct 4, 2023.
             Was a Believer of Sif Muna.
             Quit the game on level 10 of the Dungeon.
             The game lasted 00:54:55 (24119 turns).

Kurtz the Summoner (Felid Delver)                  Turns: 24119, Time: 00:54:56

Health: 48/48      AC:  2    Str: 10    XL:     11   Next: 50%
Magic:  31/31      EV: 26    Int: 15    God:    Sif Muna [**....]
Gold:   571        SH:  0    Dex: 17    Spells: 3/23 levels left
                                        Lives:  0   Deaths: 3

rFire   . .          .
                       - Unarmed
rCold   . . .        (shield unavailable)
rNeg    . . .        (body armour unavailable)
rPois   .            (helmet unavailable)
rElec   .            (cloak unavailable)
rCorr   .            (gloves unavailable)
SInv    +            (boots unavailable)
Will    +....        (no amulet)
Stlth   ++++         w - ring of magical power
HPRegen 0.28/turn    y - +5 ring of evasion
MPRegen 0.22/turn

%: no passive effects
@: quick
A: very small, claws 1, fangs 3, see invisible, speed 1, shaggy fur 2, stealthy
paws, no weapons or thrown items, no armour, multi-lived
a: Renounce Religion, Channel Magic


You were on level 10 of the Dungeon.
You worshipped Sif Muna.
Sif Muna was pleased with you.
You visited 3 branches of the dungeon, and saw 13 of its levels.

You collected 1121 gold pieces.
You spent 550 gold pieces at shops.

Inventory:

Jewellery
 w - a ring of magical power (left paw)
 y - a +5 ring of evasion (right paw)
Wands
 d - a wand of flame (25)
 e - a wand of digging (7)
 t - a wand of roots (11)
Scrolls
 a - 4 scrolls of fog
 b - 2 scrolls of revelation
 f - a scroll of vulnerability
 g - 3 scrolls of teleportation
 h - 2 scrolls of silence
 k - 3 scrolls of poison
 m - 4 scrolls of noise
 v - a scroll of blinking
Potions
 c - 5 potions of curing
 i - 4 potions of brilliance
 j - 2 potions of mutation
 l - 2 potions of enlightenment {unknown}
 n - 2 potions of lignification {unknown}
 o - 3 potions of might
 p - a potion of resistance {unknown}
 q - a potion of degeneration {unknown}
 r - 2 potions of attraction
 s - a potion of invisibility {unknown}
 u - a potion of cancellation {unknown}
 x - a potion of magic {unknown}


   Skills:
 - Level 5.2 Fighting
 - Level 6.5 Dodging
 - Level 6.6 Stealth
 - Level 6.0 Unarmed Combat
 - Level 6.9 Spellcasting
 * Level 13.5 Summonings
 - Level 3.7 Ice Magic
 - Level 1.1 Invocations


You had 3 spell levels left.
You knew the following spells:

 Your Spells              Type           Power      Damage    Failure   Level
a - Summon Small Mammal   Summ           100%       N/A       1%          1
b - Call Canine Familiar  Summ           45%        N/A       1%          3
c - Summon Guardian Gole  Hex/Summ       25%        N/A       2%          3
d - Poisonous Vapours     Pois/Air       10%        N/A       21%         2
e - Summon Ice Beast      Ice/Summ       31%        N/A       3%          4
f - Summon Hydra          Summ           22%        N/A       41%         7

Your spell library contained the following spells:

 Spells                   Type           Power      Damage    Failure   Level
 Ozocubu's Armour         Ice            16%        N/A       9%          3
 Slow                     Hex            20%        N/A       14%         1
 Sting                    Tmut/Pois      20%        1d4       14%         1
 Hailstorm                Conj/Ice       10%        3d5       19%         3
 Blink                    Tloc           10%        N/A       21%         2
 Lesser Beckoning         Tloc           10%        N/A       21%         2
 Momentum Strike          Conj/Tloc      10%        3d8       21%         2
 Sublimation of Blood     Necr           5%         N/A       21%         2
 Wereblood                Tmut           5%         N/A       21%         2
 Confusing Touch          Hex            5%         N/A       38%         3
 Dazzling Flash           Conj/Hex       10%        N/A       38%         3
 Ignite Poison            Fire/Tmut/Pois 5%         N/A       38%         3
 Inner Flame              Hex/Fire       5%         N/A       38%         3
 Sigil of Binding         Hex            5%         N/A       38%         3
 Vampiric Draining        Necr           5%         2d6       38%         3
 Olgreb's Toxic Radiance  Pois           5%         N/A       80%         4
 Sticky Flame             Conj/Fire      5%         2d3       80%         4
 Metabolic Englaciation   Hex/Ice        5%         N/A       86%         5
 Agony                    Necr           5%         N/A       98%         5
 Iskenderun's Battlesphe  Conj           5%         2d6       98%         5
 Silence                  Hex/Air        2%         N/A       98%         5
 Yara's Violent Unravell  Hex/Tmut       2%         3d3       98%         5
 Bombard                  Conj/Erth      2%         9d1       100%        6
 Simulacrum               Ice/Necr       5%         N/A       100%        6
 Enfeeble                 Hex            2%         N/A       100%        7
 Spellforged Servitor     Conj/Summ      12%        N/A       100%        7
 Ignition                 Fire           2%         3d3       100%        8


Dungeon Overview and Level Annotations

Branches:
Dungeon (11/15)            Temple (1/1) D:7            Lair (1/5) D:11
    Orc (0/2) D:9

Altars:
Ashenzari
Cheibriados
Dithmenos
Elyvilon
Fedhas
Gozag
Hepliaklqana
Kikubaaqudgha
Makhleb
Nemelex Xobeh
Okawaru
Qazlal
Ru
Sif Muna
Trog
Uskayaw
Vehumet
Wu Jian
Xom
Yredelemnul
Zin
The Shining One

Shops:
D:2 :   D:6 *(??(

Annotations:
D:10 exclusion: downstairs
D:11 1 runed translucent door, Hubris850's ghost, journeyman MfSh; Nergalle


Innate Abilities, Weirdness & Mutations

You have sharp claws.
You have razor-sharp teeth.
You have supernaturally acute eyesight. (SInv)
You cover ground quickly. (Speed+)
You are covered in thick fur. (AC +2)
Your paws help you pounce on unaware monsters.
You are incapable of wielding weapons or throwing items.
You cannot wear armour.
You gain extra lives every three experience levels.


Message History

You climb upwards.
There is a stone staircase leading down here.
You start resting.
HP restored.
You start resting.
Magic restored.
You climb downwards.
There is a stone staircase leading up, spattered with blood here.
Things that are here:
a +0 buckler; a +0 scale mail; a +1 heavy spear
There is an open door here.
There is an open door here.
There is a stone staircase leading down here.
You climb downwards.
Level annotation: exclusion: downstairs The nameless horror barely misses you.
There is a stone staircase leading up, spattered with blood here.
A nameless horror is nearby!
You claw the nameless horror!
The nameless horror is lightly damaged.
The nameless horror completely misses you.
You scratch the nameless horror.
You bite the nameless horror, but do no damage.
The nameless horror is lightly damaged.
The nameless horror hits you!!!
Ouch! That really hurt!
* * * LOW HITPOINT WARNING * * *
You feel your power leaking away.
The nameless horror attacks as it pursues you!
The nameless horror hits you!
You die...
You feel your power leaking away.
You rejoin the land of the living...
Unknown command.
Unknown command.
Are you sure you want to abandon this character and quit the game? (Confirm with "yes".)
Okay, then.
Unknown command.
Unknown command.
Are you sure you want to abandon this character and quit the game? (Confirm with "yes".)

#.......##########..#.
#.......#.............
#.......#.<.........##
#.......#†X...........
#.......#..........###
#.......##.....#.### #
#.......#..#####.# ##
#.........## #.# #.
#....@..### #X# #.
####....# #.####.
#....# #...X.. #.#..#
#####.. #.#..# #...
#|#..# #.#. #....#
##.#. #####...##
######.... #........#
#.......X.


There were no monsters in sight!

Vanquished Creatures
  2 boulder beetles (D:11)
  A cyclops (D:11)
  2 unseen horrors
  A troll (D:9)
  Grinder (D:5)
  A yak (D:8)
  A steam dragon (D:9)
  A warg (D:11)
  A water moccasin (D:7)
  2 sky beasts
  An orc warrior (D:9)
  4 black bears
  An ogre (D:4)
  3 phantoms
  A gnoll sergeant (D:6)
  A scorpion (D:5)
  3 wights
  A killer bee (D:8)
  A howler monkey (D:8)
  2 electric eels (D:9)
  4 hounds
  7 orc priests
  A gnoll bouda (D:7)
  6 iguanas
  6 orc wizards
  A hell rat (D:11)
  Natasha (twice) (D:3)
  3 gnolls
  7 adders
  4 shadow imps
  A white imp (D:7)
  3 nameless horrors
  An ufetubus (D:7)
  A worm (D:5)
  2 dart slugs
  15 orcs
  3 ball pythons
  8 bats
  3 endoplasms
  2 giant cockroaches
  10 goblins
  9 hobgoblins
  A jackal (D:4)
  4 quokkas
  2 frilled lizards
  9 kobolds
  4 rats
150 creatures vanquished.

Vanquished Creatures (collateral kills)
  A hornet (D:8)
  A troll (D:10)
  2 wyverns
  11 yaks
  A shadow (D:10)
  A steam dragon (D:8)
  3 vampire mosquitoes (D:11)
  2 wargs (D:11)
  An acid dragon (D:8)
  A nameless horror (D:8)
  A sky beast (D:6)
  A black bear (D:8)
  5 orc warriors
  3 ogres
  A centaur (D:7)
  A kobold brigand (D:8)
  2 bullfrogs
  2 gnoll sergeants
  7 wights
  13 killer bees
  3 howler monkeys
  A hound (D:4)
  A jelly (D:6)
  A sleepcap (D:7)
  3 orc priests
  An iguana (D:6)
  3 orc wizards
  6 hell rats
  11 gnolls
  An adder (D:3)
  A worm (D:2)
  15 orcs
  A jackal (D:4)
  A ball python (D:2)
  A kobold (D:8)
110 creatures vanquished.

Vanquished Creatures (others)
  A wight (D:7)
1 creature vanquished.

Grand Total: 261 creatures vanquished

Notes
Turn   | Place    | Note
-------+----------+-------------------------------------------
     0 | D:5      | Kurtz the Felid Delver began the quest for the Orb.
     0 | D:5      | Reached XP level 1. HP: 10/10 MP: 2/2
     6 | D:5      | Noticed an orc wizard
    24 | D:4      | Noticed an orc wizard
    32 | D:5      | Noticed an iguana
    42 | D:4      | Noticed an ogre
    53 | D:4      | Reached XP level 2. HP: 7/14 MP: 3/3
   351 | D:2      | Reached XP level 3. HP: 16/17 MP: 4/4
  1052 | D:1      | Reached XP level 4. HP: 21/21 MP: 5/5
  1420 | D:2      | Found Sidgha's Book Emporium.
  1507 | D:2      | Learned a level 1 spell: Summon Small Mammal
  1717 | D:2      | HP: 1/21 [worm (11)]
  2092 | D:3      | Noticed Natasha
  2094 | D:3      | Killed Natasha
  2145 | D:3      | Reached XP level 5. HP: 12/24 MP: 4/6
  2591 | D:3      | Noticed Natasha
  2604 | D:3      | Killed Natasha
  2605 | D:3      | Reached skill level 1 in Spellcasting
  2605 | D:3      | Reached skill level 1 in Summonings
  2849 | D:4      | Learned a level 3 spell: Call Canine Familiar
  3257 | D:4      | Reached skill level 2 in Summonings
  3612 | D:4      | Gained mutation: You are covered in thick fur. (AC +2)
                  | [Felid growth]
  3612 | D:4      | Reached XP level 6. HP: 19/28 MP: 4/8
  3720 | D:5      | Reached skill level 3 in Summonings
  3980 | D:5      | Noticed Grinder
  3996 | D:5      | Killed Grinder
  3997 | D:5      | Reached skill level 4 in Summonings
  3997 | D:5      | Reached XP level 7. HP: 15/31 MP: 7/12
  4232 | D:5      | Reached skill level 5 in Unarmed Combat
  4640 | D:4      | Reached skill level 5 in Summonings
  4640 | D:4      | Reached XP level 8. HP: 34/34 MP: 4/15
  5708 | D:6      | Found Uphussuj's Antique Weapon Emporium.
  5717 | D:6      | Reached skill level 6 in Summonings
  5889 | D:6      | Found Konaj's General Store.
  6154 | D:6      | Found Vuinar's Antique Weapon Shop.
  6181 | D:6      | Found Kubiofol's Magic Scroll Shop.
  6183 | D:6      | Found Asaxturi's Magic Scroll Shop.
  6188 | D:6      | Bought a scroll of teleportation for 39 gold pieces
  6188 | D:6      | Bought a scroll of identify for 26 gold pieces
  6188 | D:6      | Bought a scroll of noise for 13 gold pieces
  6208 | D:6      | Reached skill level 5 in Dodging
  6208 | D:6      | Reached skill level 7 in Summonings
  6963 | D:6      | Reached XP level 9. HP: 25/39 MP: 0/16
  7275 | D:6      | Reached skill level 8 in Summonings
  7900 | D:6      | Learned a level 3 spell: Summon Guardian Golem
  8008 | D:7      | Found a staircase to the Ecumenical Temple.
  8035 | Temple   | Entered the Ecumenical Temple
  8108 | Temple   | Became a worshipper of Sif Muna the Loreminder
  8234 | D:7      | Learned a level 2 spell: Poisonous Vapours
  8239 | D:7      | Learned a level 4 spell: Summon Ice Beast
  8261 | D:7      | Noticed an angel
  8262 | D:7      | Found a shimmering altar of Xom.
  8262 | D:7      | Found a glowing silver altar of Zin.
  8578 | D:7      | Found a stormy altar of Qazlal.
  8578 | D:7      | Found an opulent altar of Gozag.
  9670 | D:7      | Reached skill level 1 in Invocations
 10034 | D:8      | Noticed a nameless horror
 10107 | D:8      | Reached skill level 9 in Summonings
 10195 | D:8      | Reached skill level 1 in Ice Magic
 10261 | D:8      | Killed a nameless horror
 11453 | D:2      | Bought a book of Blood for 336 gold pieces
 11570 | D:6      | Bought a scroll of identify for 22 gold pieces
 11637 | D:6      | Bought a scroll of identify for 24 gold pieces
 11808 | D:9      | Found a sacrificial altar of Ru.
 11939 | D:9      | Reached skill level 10 in Summonings
 12376 | D:7      | Reached * piety under Sif Muna
 12377 | D:7      | Reached XP level 10. HP: 16/43 MP: 9/17
 12833 | D:6      | Bought a scroll of blinking for 90 gold pieces
 13532 | D:8      | Reached skill level 11 in Summonings
 16531 | D:9      | Found a staircase to the Orcish Mines.
 16600 | D:9      | Reached skill level 5 in Fighting
 17731 | D:10     | Entered Level 10 of the Dungeon
 17956 | D:10     | Reached skill level 12 in Summonings
 18586 | D:10     | Slain by a wight
 18649 | D:10     | Reached skill level 5 in Spellcasting
 19723 | D:11     | Noticed a boulder beetle
 19876 | D:11     | Noticed a boulder beetle
 19918 | D:11     | Killed a boulder beetle
 19919 | D:11     | Reached XP level 11. HP: 48/48 MP: 2/21
 20361 | D:11     | Found a staircase to the Lair.
 20798 | D:11     | Learned a level 7 spell: Summon Hydra
 20977 | D:11     | Killed a boulder beetle
 21206 | D:11     | Found a runed translucent door.
 21207 | D:11     | Found a shimmering altar of Xom.
 21207 | D:11     | Noticed Hubris850's ghost (journeyman MfSh)
 21208 | D:11     | Noticed a +0 trident of chaos
 21775 | D:11     | Reached skill level 13 in Summonings
 22272 | D:8      | Reached ** piety under Sif Muna
 22816 | Lair:1   | Entered Level 1 of the Lair of Beasts
 22903 | Lair:1   | Noticed Nergalle
 22938 | Lair:1   | Noticed a spectral orc warlord
 23811 | D:11     | Noticed a nameless horror
 23820 | D:10     | Mangled by a nameless horror
 23923 | D:10     | Noticed a nameless horror
 24118 | D:10     | Slain by a nameless horror
 24119 | D:10     | Quit the game

Illustrated notes

Levels and vault maps discovered:
D:1:      lightli_arrival_chessboard, layout_basic, kennysheep_pointless_box,
          nicolae_kite_square_tiling_tiny
D:2:      layout_rooms, serial_shops, shop
D:3:      layout_loops_ring, nicolae_the_louvre, uniq_natasha
D:4:      layout_cave_pools
D:5:      layout_basic, uniq_grinder
D:6:      layout_basic, serial_shops, shop, kennysheep_mini_moat,
          nicolae_shop_pleasant_corner_grove, shop, nicolae_shop_stone
D:7:      layout_cave_pods, nicolae_overflow_two_pavilions,
          grunt_temple_overflow_order_and_chaos_1,
          minmay_temple_entry_stoned_glass
D:8:      minmay_polygon_palace, layout_basic, hex_tiny
D:9:      layout_loops_corners, mainiacjoe_overflow_brackets, erik_orc_2
D:10:     layout_rooms
D:11:     layout_roguey, erik_lair_orcish_takeover, ebering_ghost_xom
Temple:   minmay_temple_bridge_d
Lair:1:   layout_hall_layers, ebering_ghost_rock_garden, uniq_jeremiah,
          uniq_nergalle

Skill      XL: |  1  2  3  4  5  6  7  8  9 10 11 |
---------------+----------------------------------+-----
Dodging        | 3 4 5 6 |  6.5
Unarmed Combat | 3 4 5 6 |  6.0
Spellcasting   | 1 2 4 6 |  6.9
Summonings     | 2 4 5 7 10 12 13 | 13.5
Fighting       | 4 5 |  5.2
Invocations    | 1 |  1.1
Ice Magic      | 2 3 |  3.7
Stealth        | |  6.6

Action                     |  1- 3 |  4- 6 |  7- 9 | 10-12 || total
---------------------------+-------+-------+-------+-------++-------
  Melee: Unarmed           |    84 |   158 |   224 |   113 ||   579
         Bite              |     4 |    18 |    26 |    20 ||    68
         Punch             |     1 |     2 |    14 |     5 ||    22
   Cast: Summon Small Mamm |       |    19 |   103 |    73 ||   195
         Call Canine Famil |       |     6 |    71 |    72 ||   149
         Summon Ice Beast  |       |       |    21 |    72 ||    93
         Poisonous Vapours |       |       |       |    47 ||    47
         Summon Hydra      |       |       |       |     3 ||     3
  Evoke: Wand              |       |       |     6 |    17 ||    23
    Use: Scroll            |     1 |       |     9 |     6 ||    16
         Potion            |       |       |     3 |     2 ||     5
   Stab: Sleeping          |     8 |     7 |     4 |       ||    19
         Distracted        |       |     4 |     5 |     1 ||    10
 Armour: Skin              |    22 |    49 |    87 |    86 ||   244
  Dodge: Dodged            |    52 |   115 |   178 |   134 ||   479

Table legend: (Time is in decaauts)
 A = Elapsed time spent in this place.
 B = Non-inter-level travel time spent in this place.
 C = Inter-level travel time spent in this place.
 D = Time resting spent in this place.
 E = Time spent auto-exploring this place.
 F = Levels seen in this place.
 G = Mean time per level.
                   A        B        C        D        E       F      G
               +--------+--------+--------+--------+--------+-----+--------+
         Total |  21890 |  19586 |   2304 |   9914 |   5323 |  13 | 1683.8 |
       Dungeon |  21653 |  19461 |   2192 |   9914 |   5259 |  11 | 1968.5 |
        Temple |    116 |      7 |    109 |      0 |      0 |   1 |  116.0 |
          Lair |    121 |    119 |      2 |      0 |     64 |   1 |  121.0 |
               +--------+--------+--------+--------+--------+-----+--------+

Top non-repeatable levels by time:
     D:8: 3397 daAuts
     D:9: 3216 daAuts
    D:11: 2841 daAuts
     D:7: 2488 daAuts
     D:6: 2259 daAuts
    D:10: 2205 daAuts
     D:5: 1581 daAuts
     D:3: 1148 daAuts
     D:4: 1065 daAuts
     D:1: 816 daAuts
     D:2: 633 daAuts
  Lair:1: 121 daAuts
  Temple: 116 daAuts
